 Dungeon Crawl Stone Soup version 0.29.0-4-gdea44cf6ec (webtiles) character file.

Game seed: 5351953435615756492

233 qw the Ruffian (level 5, 0/48 (50) HPs)
             Began as a Troll Cinder Acolyte on Aug 30, 2022.
             Was a High Priest of Ignis.
             Slain by Edmund
             ... wielding a +2 dire flail of venom
              (8 damage)
             ... on level 4 of the Dungeon.
             The game lasted 00:01:23 (2574 turns).

qw the Ruffian (Troll Cinder Acolyte)               Turns: 2574, Time: 00:01:23

HP:   0/48 (50)     AC: 12    Str: 24    XL:     5   Next: 75%
MP:   5/5           EV:  9    Int: 10    God:    Ignis [*****.]
Gold: 33            SH:  0    Dex:  5    Spells: 6/6 levels left

rFire   + . .      SeeInvis .     - Unarmed
rCold   . . .      Faith    .   (no shield)
rNeg    . . .      Spirit   .   a - +0 robe
rPois   .          Reflect  .   (helmet restricted)
rElec   .          Harm     .   e - +0 cloak
rCorr   .          Rampage  .   (gloves unavailable)
Will    .....                   (boots unavailable)
Stlth   +.........              (no amulet)
HPRegen 0.96/turn               (no ring)
MPRegen 0.09/turn               (no ring)

@: lethally poisoned (0 -> -4), about to teleport, fiery-armoured, lightly
drained
A: large, unfitting armour, claws 3, regeneration 1, shaggy fur 1, tough skin 1
a: Renounce Religion, Fiery Armour, Foxfire Swarm, Rising Flame


You were on level 4 of the Dungeon.
You worshipped Ignis.
Ignis was extremely pleased with you.
You visited 1 branch of the dungeon, and saw 4 of its levels.

You collected 174 gold pieces.
You spent 141 gold pieces at shops.


Innate Abilities, Weirdness & Mutations

You are too large for most types of armour.
You have claws for hands.
Your natural rate of healing is unusually fast.
You are covered in fur. (AC +1)
You have tough skin. (AC +1)


   Skills:
 - Level 2.4 Fighting
 + Level 6.5 Unarmed Combat
 - Level 1.0 Spellcasting
 - Level 2.1 Fire Magic


You had 6 spell levels left.
You didn't know any spells.
Your spell library contained the following spells:

 Spells                   Type           Power      Damage    Failure   Level
 Scorch                   Fire           8%         2d5       22%         2

Inventory:

Armour
 a - a +0 robe (worn)
 e - a +0 cloak (worn)
Scrolls
 c - 2 scrolls of teleportation
 f - 2 scrolls of identify
 i - a scroll of noise {unknown}
Potions
 b - 2 potions of curing
 d - a potion of heal wounds {unknown}
 g - a potion of might {unknown}
 h - a potion of attraction {unknown}

Dungeon Overview and Level Annotations

Branches:
Dungeon (4/15)
 Temple: D:4-7

Altars:
Cheibriados
Dithmenos

Shops:
D:1 *   D:4 *

Annotations:
D:4 Edmund


Message History

Edmund hits you with a +2 dire flail of venom.
2568 ||| Stepping ~*~*~tactically~*~*~ (outnumbered).
Edmund attacks as you move away! Edmund barely misses you.
You feel very sick.
2569 ||| Stepping ~*~*~tactically~*~*~ (outnumbered).
The necrophage attacks as you move away!
The necrophage hits you but does no damage.
You feel very sick.
2570 ||| INVOKING Fiery Armour.
A protective cloak of flame settles atop you.
You feel sick.
Edmund hits you with a +2 dire flail of venom.
You are more poisoned.
Edmund is burned by your cloak of flames.
Edmund is severely wounded.
The necrophage hits you.
You feel drained.
The necrophage is burned by your cloak of flames.
The necrophage is lightly damaged.
2571 ||| Stepping ~*~*~tactically~*~*~ (outnumbered).
The necrophage attacks as you move away!
The necrophage hits you but does no damage.
The necrophage is burned by your cloak of flames.
The necrophage is moderately damaged.
You feel very sick.
2572 ||| Stepping ~*~*~tactically~*~*~ (outnumbered).
Edmund attacks as you move away! Edmund hits you but does no damage.
You are more poisoned.
Edmund is burned by your cloak of flames.
Edmund is severely wounded.
The necrophage attacks as you move away!
The necrophage completely misses you.
You feel very sick.
2573 ||| Stepping ~*~*~tactically~*~*~ (outnumbered).
You feel very sick.
2574 ||| READING 3 scrolls of teleportation.
As you read the scroll of teleportation, it crumbles to dust.
You feel strangely unstable.
You feel very sick.
Edmund hits you with a +2 dire flail of venom!
You die...

##.#############
#..#..?........#
....#..........#
...............#
..............#
...##.........#
...##........#
###
...####......#
##..## ...#
###...## #@...##
...#
##..####@....#
...#
##..##.n....#
...#
##..#......#
...# ###.......#
..## ##......#
..# ##..###...
..# ##..# ..#
..# #..# .#


You could see Edmund and a necrophage.

Vanquished Creatures
  A necrophage (D:4)
  A hound (D:4)
  An orc wizard (D:3)
  Robin (D:2)
  3 adders
  A worm (D:3)
  2 dart slugs
  8 orcs
  A ball python (D:4)
  5 endoplasms
  3 giant cockroaches
  18 goblins
  7 hobgoblins
  3 kobolds
  2 bats
  3 rats
60 creatures vanquished.

Notes
Turn   | Place    | Note
-------+----------+-------------------------------------------
     0 | D:1      | qw the Troll Cinder Acolyte began the quest for the Orb.
     0 | D:1      | Reached XP level 1. HP: 22/22 MP: 1/1
     0 | D:1      | 0 ||| qw: Version: 0.1-a-95-gae9e614
     0 | D:1      | 0 ||| qw: Game counter: 4394
     0 | D:1      | 0 ||| qw: Always use a shield: true
     0 | D:1      | 0 ||| qw: God list: Okawaru
     0 | D:1      | 0 ||| qw: Allow faded altars: false
     0 | D:1      | 0 ||| qw: Do Orc after D:15 true
     0 | D:1      | 0 ||| qw: Do second Lair branch before Depths: true
     0 | D:1      | 0 ||| qw: Lair rune preference: random
     0 | D:1      | 0 ||| qw: Plans: Normal
     0 | D:1      | 0 ||| PLANNING D:1-11
   418 | D:1      | Found Fobaffi's Assorted Antiques.
   426 | D:1      | 426 ||| SHOPLISTING +1 cloak of Starlight {*Dazzle EV+4
                  | Stlth--} (671 gold, have 57).
   426 | D:1      | 426 ||| BUYING scroll labelled DUOL MAGHIEXU (22 gold).
   426 | D:1      | Bought a scroll labelled DUOL MAGHIEXU for 22 gold pieces
   426 | D:1      | 426 ||| BUYING scroll labelled LOXKAE ZAFUYRE (22 gold).
   426 | D:1      | Bought a scroll labelled LOXKAE ZAFUYRE for 22 gold pieces
   426 | D:1      | 426 ||| SHOPLISTING scroll labelled NEPOVUM DURIS (22 gold,
                  | have 13).
   426 | D:1      | 426 ||| SHOPLISTING scroll labelled TESOYTYTUU (22 gold,
                  | have 13).
   494 | D:1      | 494 ||| DROPPING amulet of magic regeneration.
   495 | D:1      | 495 ||| READING scroll labelled NECIMA ISSEMYM.
   596 | D:1      | 596 ||| READING scroll labelled XELIREPEH.
   597 | D:1      | 597 ||| READING scroll labelled PAXKUF YSIY.
   598 | D:1      | 598 ||| READING scroll labelled DUOL MAGHIEXU.
   599 | D:1      | 599 ||| READING scroll labelled LOXKAE ZAFUYRE.
   600 | D:1      | 600 ||| DRINKING 2 orange potions.
   653 | D:2      | Reached XP level 2. HP: 29/29 MP: 2/2
   771 | D:2      | Reached skill level 4 in Unarmed Combat
   876 | D:2      | Found a faded altar of an unknown god.
  1027 | D:2      | 1027 ||| Stepping ~*~*~tactically~*~*~ (outnumbered).
  1137 | D:2      | 1137 ||| Stepping ~*~*~tactically~*~*~ (stealth).
  1138 | D:2      | Noticed Robin
  1139 | D:2      | 1139 ||| Stepping ~*~*~tactically~*~*~ (hiding).
  1144 | D:2      | Reached XP level 3. HP: 36/36 MP: 3/3
  1147 | D:2      | 1147 ||| INVOKING Fiery Armour.
  1148 | D:2      | 1148 ||| Stepping ~*~*~tactically~*~*~ (hiding).
  1151 | D:2      | 1151 ||| Stepping ~*~*~tactically~*~*~ (hiding).
  1164 | D:2      | Killed Robin
  1270 | D:2      | 1270 ||| UPGRADING to +0 cloak.
  1275 | D:2      | 1275 ||| READING scroll labelled JIKAGILOWOG.
  1278 | D:2      | 1278 ||| READING scroll labelled UMELUS BASSIG.
  1279 | D:2      | 1279 ||| READING 3 scrolls of identify.
  1279 | D:2      | 1279 ||| IDENTIFYING lumpy green potion
  1280 | D:2      | 1280 ||| READING 2 scrolls of identify.
  1280 | D:2      | 1280 ||| IDENTIFYING glowing cyan potion
  1281 | D:2      | 1281 ||| DROPPING potion of invisibility.
  1282 | D:2      | 1282 ||| DROPPING potion of flight.
  1330 | D:3      | Found a snail-covered altar of Cheibriados.
  1379 | D:3      | 1379 ||| Stepping ~*~*~tactically~*~*~ (stealth).
  1491 | D:3      | 1491 ||| Stepping ~*~*~tactically~*~*~ (stealth).
  1499 | D:3      | 1499 ||| Stepping ~*~*~tactically~*~*~ (stealth).
  1509 | D:3      | 1509 ||| FLEEEEING.
  1514 | D:3      | 1514 ||| FLEEEEING.
  1515 | D:3      | 1515 ||| FLEEEEING.
  1515 | D:3      | HP: 9/36 [poisoned by a kobold]
  1516 | D:3      | 1516 ||| FLEEEEING.
  1517 | D:3      | 1517 ||| FLEEEEING.
  1518 | D:3      | 1518 ||| FLEEEEING.
  1519 | D:3      | 1519 ||| FLEEEEING.
  1520 | D:3      | 1520 ||| FLEEEEING.
  1520 | D:3      | HP: 8/36 [poisoned by a kobold]
  1521 | D:3      | 1521 ||| FLEEEEING.
  1522 | D:3      | 1522 ||| FLEEEEING.
  1523 | D:3      | 1523 ||| FLEEEEING.
  1524 | D:3      | 1524 ||| STAIRDANCE
  1553 | D:2      | 1553 ||| READING scroll labelled HINLOFRELAM.
  1637 | D:3      | Reached XP level 4. HP: 44/44 MP: 4/4
  1785 | D:3      | 1785 ||| Stepping ~*~*~tactically~*~*~ (stealth).
  1788 | D:3      | Reached skill level 5 in Unarmed Combat
  1858 | D:3      | Found a shadowy altar of Dithmenos.
  1882 | D:3      | 1882 ||| Stepping ~*~*~tactically~*~*~ (outnumbered).
  1950 | D:3      | 1950 ||| READING scroll labelled NEPOVUM DURIS.
  1951 | D:3      | 1951 ||| READING 2 scrolls of teleportation.
  2074 | D:4      | Reached XP level 5. HP: 47/50 MP: 5/5
  2201 | D:4      | 2201 ||| Stepping ~*~*~tactically~*~*~ (stealth).
  2215 | D:4      | Reached skill level 6 in Unarmed Combat
  2221 | D:4      | Found Vam Yggu's Assorted Antiques.
  2230 | D:4      | 2230 ||| BUYING glowing puce potion (22 gold).
  2230 | D:4      | Bought a glowing puce potion for 22 gold pieces
  2230 | D:4      | 2230 ||| SHOPLISTING jade ring (125 gold, have 108).
  2230 | D:4      | 2230 ||| BUYING potion of curing (75 gold).
  2230 | D:4      | Bought a potion of curing for 75 gold pieces
  2365 | D:4      | 2365 ||| Stepping ~*~*~tactically~*~*~ (stealth).
  2371 | D:4      | 2371 ||| Stepping ~*~*~tactically~*~*~ (hiding).
  2374 | D:4      | 2374 ||| Stepping ~*~*~tactically~*~*~ (hiding).
  2556 | D:4      | Noticed Edmund
  2568 | D:4      | 2568 ||| Stepping ~*~*~tactically~*~*~ (outnumbered).
  2569 | D:4      | 2569 ||| Stepping ~*~*~tactically~*~*~ (outnumbered).
  2570 | D:4      | 2570 ||| INVOKING Fiery Armour.
  2571 | D:4      | 2571 ||| Stepping ~*~*~tactically~*~*~ (outnumbered).
  2572 | D:4      | 2572 ||| Stepping ~*~*~tactically~*~*~ (outnumbered).
  2573 | D:4      | 2573 ||| Stepping ~*~*~tactically~*~*~ (outnumbered).
  2573 | D:4      | HP: 10/48 [poisoned by Edmund]
  2574 | D:4      | 2574 ||| READING 3 scrolls of teleportation.
  2574 | D:4      | Slain by Edmund

Levels and vault maps discovered:
D:1:      heliophobic_arrival_henge, layout_basic, serial_shops,
          nicolae_shop_hallway_plus
D:2:      layout_basic, hellmonk_ecumenical_altar_pennies_from_heaven,
          minmay_tetromino_t2, uniq_robin
D:3:      layout_basic, lemuel_doored_altar, nicolae_dithmenos_shadow_blocks
D:4:      layout_cave_pods, serial_shops, nicolae_shop_trees,
          grunt_ministairs_2, minivault_19, uniq_edmund

Skill      XL: |  1  2  3  4  5 |
---------------+----------------+-----
Unarmed Combat | 4 5 6 |  6.5
Fighting       | |  2.4
Spellcasting   | |  1.0
Fire Magic     | |  2.1

Action                   |  1- 3 |  4- 6 || total
-------------------------+-------+-------++-------
Melee: Unarmed           |    83 |    60 ||   143
       Punch             |     1 |     3 ||     4
Invok: Fiery Armour      |     1 |     1 ||     2
  Use: Scroll            |    10 |     3 ||    13
       Potion            |     1 |       ||     1
Armor: Robe              |    34 |    16 ||    50
Dodge: Dodged            |    24 |    21 ||    45

Table legend:
 A = Non-vault XP
 B = Vault XP
 C = Vault XP percentage of total XP
 D = Non-vault monster count
 E = Vault monster count
 F = Vault count percentage of total count
                 A         B        C        D         E       F
            +---------+---------+-------+---------+---------+-------
      Total |     286 |      48 |  14.4 |      43 |      17 |  28.3
            +---------+---------+-------+---------+---------+-------
        D:1 |       9 |       0 |   0.0 |       5 |       0 |   0.0
        D:2 |      29 |      42 |  59.2 |      10 |      15 |  60.0
        D:3 |      77 |       0 |   0.0 |      18 |       0 |   0.0
        D:4 |     171 |       6 |   3.4 |      10 |       2 |  16.7
            +---------+---------+-------+---------+---------+-------
